| TOP OF THE 1ST |
|
Bristol Pirates batting - Pitching for Chicago (APP) Cubs : RHP Masato Iwase
|
|
Pitching: RHP Masato Iwase
|
|
|
Batting: RHB Melvin Durland
|
0-0: Fly out, F7 (Flyball, 78S, EV 94.4 MPH)
|
|
Batting: SHB Ronnie Brooks
|
0-0: Called Strike 0-1: Ball 1-1: Fly out, F8 (Flyball, 89M, EV 91.2 MPH)
|
|
Batting: LHB Josh Aerni
|
0-0: Called Strike 0-1: Ball 1-1: Ball 2-1: Foul Ball, location: 2F 2-2: Fly out, F6 (Popup, 6D, EV 65.0 MPH)
|
| Top of the 1st over - 0 runs, 0 hits, 0 errors, 0 left on base; Bristol 0 - Chicago (APP) 0 |
| BOTTOM OF THE 1ST |
|
Chicago (APP) Cubs batting - Pitching for Bristol Pirates : RHP Pete Griesser
|
|
Pitching: RHP Pete Griesser
|
|
|
Batting: RHB Bartolo Aguilar
|
0-0: Foul Ball, location: 2F 0-1: Ball 1-1: Foul Ball, location: 2F 1-2: Ball 2-2: Ground out 6-3 (Groundball, 6S, EV 81.2 MPH)
|
|
Batting: RHB Lencho Otieno
|
0-0: Swinging Strike 0-1: Swinging Strike 0-2: Ground out 6-3 (Groundball, 56D, EV 100.6 MPH)
|
|
Batting: RHB Mike Stein
|
0-0: Called Strike 0-1: SINGLE (Groundball, 6MD, EV 98.8 MPH)
|
|
Batting: RHB T.J. Garrison
|
0-0: Ball 1-0: Ball 2-0: Ball 3-0: Called Strike 3-1: Fielders Choice at 2nd, 5-4 (Groundball, 56, EV 80.0 MPH)
|
| Bottom of the 1st over - 0 runs, 1 hit, 0 errors, 1 left on base; Bristol 0 - Chicago (APP) 0 |
| TOP OF THE 2ND |
|
Bristol Pirates batting - Pitching for Chicago (APP) Cubs : RHP Masato Iwase
|
|
Batting: RHB Ricky Alvarado
|
0-0: Called Strike 0-1: Swinging Strike 0-2: Ball 1-2: Ball 2-2: Strikes out swinging
|
|
Batting: RHB Rusty Trader
|
0-0: SOLO HOME RUN (Flyball, 7LD, EV 95.6 MPH), Distance : 363 ft
|
|
Batting: RHB Alex Arzate
|
0-0: Called Strike 0-1: Ball 1-1: Ball 2-1: Ball 3-1: Base on Balls
|
|
Batting: LHB Kazuyoshi Ikeda
|
0-0: Called Strike 0-1: Called Strike 0-2: Strikes out swinging
|
|
Batting: RHB Hidesuke Yoshida
|
0-0: Ball 1-0: Swinging Strike 1-1: Foul Ball, location: 2F 1-2: Strikes out swinging
|
| Top of the 2nd over - 1 run, 1 hit, 0 errors, 1 left on base; Bristol 1 - Chicago (APP) 0 |
| BOTTOM OF THE 2ND |
|
Chicago (APP) Cubs batting - Pitching for Bristol Pirates : RHP Pete Griesser
|
|
Batting: RHB Andy Baumhardt
|
0-0: Ball 1-0: Ball 2-0: Foul Ball, location: 2F 2-1: Ball 3-1: Base on Balls
|
|
Batting: RHB Victor Ramirez
|
0-0: Called Strike 0-1: Foul Ball, location: 2F 0-2: Grounds into double play, 6-4-3 (Groundball, 6, EV 102.5 MPH)
|
|
Batting: LHB Jose Mafano
|
0-0: Ball 1-0: Foul Ball, location: 2F 1-1: Ball 2-1: Ground out 1-3 (Groundball, 15S, EV 68.8 MPH)
|
| Bottom of the 2nd over - 0 runs, 0 hits, 0 errors, 0 left on base; Bristol 1 - Chicago (APP) 0 |
| TOP OF THE 3RD |
|
Bristol Pirates batting - Pitching for Chicago (APP) Cubs : RHP Masato Iwase
|
|
Batting: SHB Juan Ayala
|
0-0: Called Strike 0-1: Ball 1-1: Foul Ball, location: 2F 1-2: Foul Ball, location: 2F 1-2: Ball 2-2: TRIPLE (Line Drive, 89XD, EV 101.9 MPH)
|
|
Batting: RHB Melvin Durland
|
0-0: Called Strike 0-1: Foul Ball, location: 2F 0-2: 2-RUN HOME RUN (Flyball, 7D, EV 99.4 MPH), Distance : 388 ft
|
|
Batting: SHB Ronnie Brooks
|
0-0: Called Strike 0-1: TRIPLE (Flyball, 78XD, EV 98.1 MPH)
|
|
Batting: LHB Josh Aerni
|
0-0: Foul Ball, location: 2F 0-1: Ball 1-1: Ball 2-1: TRIPLE (Flyball, 89XD, EV 89.4 MPH) Ronnie Brooks scores
|
|
Batting: RHB Ricky Alvarado
|
0-0: Ball 1-0: Fly out, F8 (Flyball, 8RD, EV 90.0 MPH) Runner from 3rd tags up, SCORES, throw by CF
|
|
Batting: RHB Rusty Trader
|
0-0: Foul Ball, location: 2F 0-1: Ball 1-1: Ball 2-1: Ball 3-1: Base on Balls
|
|
Batting: RHB Alex Arzate
|
0-0: Ball 1-0: Ball 2-0: Ball 3-0: Base on Balls Rusty Trader to second
|
|
Batting: LHB Kazuyoshi Ikeda
|
0-0: Ball 1-0: Called Strike 1-1: Foul Ball, location: 2F 1-2: Ball 2-2: 3-RUN HOME RUN (Flyball, 89XD, EV 106.9 MPH), Distance : 426 ft
|
|
Pitching: RHP Andy Villarreal
|
|
|
Batting: RHB Hidesuke Yoshida
|
0-0: Ball 1-0: Ground out 5-3 (Groundball, 5, EV 88.8 MPH)
|
|
Batting: SHB Juan Ayala
|
0-0: Ball 1-0: Foul Ball, location: 2F 1-1: Foul Ball, location: 2F 1-2: Ball 2-2: Ball 3-2: Foul Ball, location: 2F 3-2: Foul Ball, location: 2F 3-2: Foul Ball, location: 2F 3-2: Base on Balls
|
|
Batting: RHB Melvin Durland
|
0-0: Ball 1-0: Called Strike 1-1: Foul Ball, location: 2F 1-2: Foul Ball, location: 2F 1-2: Ball 2-2: Ball 3-2: Foul Ball, location: 2F 3-2: Foul Ball, location: 2F 3-2: Ground out U3 (Groundball, 34S, EV 66.2 MPH)
|
| Top of the 3rd over - 7 runs, 5 hits, 0 errors, 1 left on base; Bristol 8 - Chicago (APP) 0 |
| BOTTOM OF THE 3RD |
|
Chicago (APP) Cubs batting - Pitching for Bristol Pirates : RHP Pete Griesser
|
|
Batting: RHB Juan Lira
|
0-0: Called Strike 0-1: Foul Ball, location: 2F 0-2: Ball 1-2: Strikes out swinging
|
|
Batting: RHB Jorge Gonzalez
|
0-0: Ball 1-0: Ball 2-0: Called Strike 2-1: Ball 3-1: Base on Balls
|
|
Batting: RHB Bartolo Aguilar
|
0-0: SINGLE (Flyball, 56D, EV 84.4 MPH) Jorge Gonzalez to second Jorge Gonzalez to third
|
|
Batting: RHB Lencho Otieno
|
0-0: Ball 1-0: Ball 2-0: Called Strike Bartolo Aguilar is caught stealing 2nd base 2-4 2-1: Ground out 6-3 (Groundball, 6, EV 101.2 MPH)
|
| Bottom of the 3rd over - 0 runs, 1 hit, 0 errors, 1 left on base; Bristol 8 - Chicago (APP) 0 |
| TOP OF THE 4TH |
|
Bristol Pirates batting - Pitching for Chicago (APP) Cubs : RHP Andy Villarreal
|
|
Batting: SHB Ronnie Brooks
|
0-0: Foul Ball, location: 2F 0-1: Called Strike 0-2: Foul Ball, location: 2F 0-2: Hit by Pitch
|
|
Batting: LHB Josh Aerni
|
0-0: Ball 1-0: Ball 2-0: Ball 3-0: Base on Balls Ronnie Brooks to second
|
|
Batting: RHB Ricky Alvarado
|
0-0: Ball 1-0: 3-RUN HOME RUN (Flyball, 7LD, EV 98.8 MPH), Distance : 371 ft
|
|
Batting: RHB Rusty Trader
|
0-0: Ball 1-0: Ball 2-0: Called Strike 2-1: Hit by Pitch
|
|
Batting: RHB Alex Arzate
|
0-0: Called Strike 0-1: Fielders Choice at 2nd, 6-4 (Groundball, 6, EV 101.9 MPH)
|
|
Batting: LHB Kazuyoshi Ikeda
|
0-0: Ball Wild Pitch! Alex Arzate to second 1-0: Foul Ball, location: 2F 1-1: Fly out, F9 (Flyball, 89D, EV 80.0 MPH) Runner from 2nd tags up, SAFE at 3rd, no throw by RF
|
|
Batting: RHB Hidesuke Yoshida
|
0-0: Called Strike 0-1: Swinging Strike 0-2: Ball 1-2: Foul Ball, location: 2F 1-2: SINGLE (Groundball, 5S, EV 75.6 MPH) (infield hit) Alex Arzate scores
|
|
Pitching: LHP Jim Lloyd
|
|
|
Batting: SHB Juan Ayala
|
0-0: Ball Balk! Hidesuke Yoshida to second 1-0: Fly out, F9 (Flyball, 9D, EV 89.4 MPH)
|
| Top of the 4th over - 4 runs, 2 hits, 0 errors, 1 left on base; Bristol 12 - Chicago (APP) 0 |
| BOTTOM OF THE 4TH |
|
Chicago (APP) Cubs batting - Pitching for Bristol Pirates : RHP Pete Griesser
|
|
Batting: RHB Mike Stein
|
0-0: Called Strike 0-1: Ball 1-1: SINGLE (Groundball, 6MD, EV 101.2 MPH)
|
|
Batting: RHB T.J. Garrison
|
0-0: Ball 1-0: Ball 2-0: Called Strike 2-1: Foul Ball, location: 2F 2-2: Ball 3-2: Strikes out swinging
|
|
Batting: RHB Andy Baumhardt
|
0-0: Called Strike 0-1: Foul Ball, location: 2F 0-2: Ball 1-2: Grounds into double play, 4-6-3 (Groundball, 4, EV 100.6 MPH)
|
| Bottom of the 4th over - 0 runs, 1 hit, 0 errors, 0 left on base; Bristol 12 - Chicago (APP) 0 |
| TOP OF THE 5TH |
|
Bristol Pirates batting - Pitching for Chicago (APP) Cubs : LHP Jim Lloyd
|
|
Batting: RHB Melvin Durland
|
0-0: Called Strike 0-1: Ball 1-1: Ball 2-1: Called Strike 2-2: Foul Ball, location: 2F 2-2: Ground out 3-1 (Groundball, 34, EV 98.8 MPH)
|
|
Batting: SHB Ronnie Brooks
|
0-0: SINGLE (Line Drive, 78M, EV 110.6 MPH)
|
|
Batting: LHB Josh Aerni
|
0-0: Foul Ball, location: 2F 0-1: Ball 1-1: Fielders Choice at 2nd, 3-6 (Groundball, 3S, EV 85.0 MPH)
|
|
Batting: RHB Ricky Alvarado
|
0-0: Ball Wild Pitch! Josh Aerni to second 1-0: Ball 2-0: Ball 3-0: Called Strike 3-1: SINGLE (Groundball, 56D, EV 100.6 MPH) Josh Aerni to third Runner from 3rd tries for Home, SAFE, throw by LF to home Ricky Alvarado to second
|
|
Batting: RHB Rusty Trader
|
0-0: Ball 1-0: Ball 2-0: Ball 3-0: Base on Balls
|
|
Batting: RHB Alex Arzate
|
0-0: Called Strike 0-1: Foul Ball, location: 2F 0-2: Fly out, F8 (Flyball, 8LD, EV 97.5 MPH)
|
| Top of the 5th over - 1 run, 2 hits, 0 errors, 2 left on base; Bristol 13 - Chicago (APP) 0 |
| BOTTOM OF THE 5TH |
|
Chicago (APP) Cubs batting - Pitching for Bristol Pirates : RHP Pete Griesser
|
|
Batting: RHB Victor Ramirez
|
0-0: Called Strike 0-1: Ball 1-1: Ball 2-1: Called Strike 2-2: Foul Ball, location: 2F 2-2: Ball 3-2: Strikes out swinging
|
|
Batting: LHB Jose Mafano
|
0-0: DOUBLE (Line Drive, 5D, EV 105.0 MPH)
|
|
Batting: RHB Juan Lira
|
0-0: Ball 1-0: Called Strike 1-1: Foul Ball, location: 2F 1-2: Ball 2-2: Strikes out swinging
|
|
Batting: RHB Jorge Gonzalez
|
0-0: Called Strike 0-1: Ball 1-1: Ball 2-1: Ball 3-1: Foul Ball, location: 2F 3-2: Foul Ball, location: 2F 3-2: Strikes out swinging
|
| Bottom of the 5th over - 0 runs, 1 hit, 0 errors, 1 left on base; Bristol 13 - Chicago (APP) 0 |
| TOP OF THE 6TH |
|
Bristol Pirates batting - Pitching for Chicago (APP) Cubs : LHP Jim Lloyd
|
|
Batting: LHB Kazuyoshi Ikeda
|
0-0: Ball 1-0: Ball 2-0: Called Strike 2-1: Foul Ball, location: 2F 2-2: Strikes out looking
|
|
Batting: RHB Hidesuke Yoshida
|
0-0: Ball 1-0: Ball 2-0: Foul Ball, location: 2F 2-1: Ball 3-1: Base on Balls
|
|
Batting: SHB Juan Ayala
|
0-0: Ball 1-0: Foul Ball, location: 2F 1-1: Ball 2-1: Fly out, F5 (Popup, 5SF, EV 88.1 MPH)
|
|
Pitching: RHP Dustin Goldsborough
|
|
|
Batting: RHB Melvin Durland
|
0-0: Foul Ball, location: 2F 0-1: Ball 1-1: Ball 2-1: Ball 3-1: Foul Ball, location: 2F 3-2: Foul Ball, location: 2F 3-2: Foul Ball, location: 2F 3-2: Base on Balls Hidesuke Yoshida to second
|
|
Batting: SHB Ronnie Brooks
|
0-0: Hit by Pitch Hidesuke Yoshida to third Melvin Durland to second
|
|
Batting: LHB Josh Aerni
|
0-0: Ball 1-0: Called Strike 1-1: Ground out 6-3 (Groundball, 6M, EV 78.1 MPH)
|
| Top of the 6th over - 0 runs, 0 hits, 0 errors, 3 left on base; Bristol 13 - Chicago (APP) 0 |
| BOTTOM OF THE 6TH |
|
Chicago (APP) Cubs batting - Pitching for Bristol Pirates : RHP Pete Griesser
|
|
Batting: RHB Bartolo Aguilar
|
0-0: Called Strike 0-1: Foul Ball, location: 2F 0-2: Strikes out swinging
|
|
Batting: RHB Lencho Otieno
|
0-0: Called Strike 0-1: Ball 1-1: Called Strike 1-2: Foul Ball, location: 2F 1-2: Foul Ball, location: 2F 1-2: Strikes out swinging
|
|
Batting: RHB Mike Stein
|
0-0: Ball 1-0: Ball 2-0: Ball 3-0: Called Strike 3-1: Base on Balls
|
|
Batting: RHB T.J. Garrison
|
0-0: Ball 1-0: Ball 2-0: Ball 3-0: Called Strike 3-1: Swinging Strike 3-2: 2-RUN HOME RUN (Flyball, 7D, EV 96.9 MPH), Distance : 397 ft
|
|
Batting: RHB Andy Baumhardt
|
0-0: Ball 1-0: Fly out, F8 (Flyball, 8LM, EV 83.8 MPH)
|
| Bottom of the 6th over - 2 runs, 1 hit, 0 errors, 0 left on base; Bristol 13 - Chicago (APP) 2 |
| TOP OF THE 7TH |
|
Bristol Pirates batting - Pitching for Chicago (APP) Cubs : RHP Dustin Goldsborough
|
|
Batting: RHB Ricky Alvarado
|
0-0: Foul Ball, location: 2F 0-1: Ground out 5-3 (Groundball, 56, EV 100.6 MPH)
|
|
Pinch Hitting: LHB Dave Cook
|
0-0: Hit by Pitch
|
|
Batting: RHB Alex Arzate
|
0-0: Ball 1-0: Ball 2-0: Ball 3-0: Called Strike 3-1: Called Strike 3-2: Foul Ball, location: 2F 3-2: Base on Balls Dave Cook to second
|
|
Pitching: RHP Bobby Almonte
|
|
|
Batting: LHB Kazuyoshi Ikeda
|
0-0: Ball 1-0: Foul Ball, location: 2F 1-1: Fly out, F9 (Line Drive, 9S, EV 94.4 MPH)
|
|
Batting: RHB Hidesuke Yoshida
|
0-0: Fly out, F9 (Line Drive, 9, EV 93.1 MPH)
|
| Top of the 7th over - 0 runs, 0 hits, 0 errors, 2 left on base; Bristol 13 - Chicago (APP) 2 |
| BOTTOM OF THE 7TH |
|
Chicago (APP) Cubs batting - Pitching for Bristol Pirates : RHP Pete Griesser
|
|
Now in RF: Dave Cook
|
|
|
Batting: RHB Victor Ramirez
|
0-0: Ground out 1-3 (Groundball, 34S, EV 73.8 MPH)
|
|
Batting: LHB Jose Mafano
|
0-0: Foul Ball, location: 2F 0-1: Ball 1-1: Ball 2-1: Ball 3-1: Called Strike 3-2: Strikes out looking
|
|
Batting: RHB Juan Lira
|
0-0: Ball 1-0: Fly out, F9 (Flyball, 9, EV 88.1 MPH)
|
| Bottom of the 7th over - 0 runs, 0 hits, 0 errors, 0 left on base; Bristol 13 - Chicago (APP) 2 |
| TOP OF THE 8TH |
|
Bristol Pirates batting - Pitching for Chicago (APP) Cubs : RHP Bobby Almonte
|
|
Batting: SHB Juan Ayala
|
0-0: Called Strike 0-1: Swinging Strike 0-2: Ball 1-2: Foul Ball, location: 2F 1-2: Foul Ball, location: 2F 1-2: Ball 2-2: Ball 3-2: Strikes out swinging
|
|
Batting: RHB Melvin Durland
|
0-0: Ball 1-0: Ground out 5-3 (Groundball, 56, EV 110.0 MPH)
|
|
Batting: SHB Ronnie Brooks
|
0-0: Ball 1-0: Foul Ball, location: 2F 1-1: Foul Ball, location: 2F 1-2: Fly out, F8 (Flyball, 8LD, EV 108.8 MPH)
|
| Top of the 8th over - 0 runs, 0 hits, 0 errors, 0 left on base; Bristol 13 - Chicago (APP) 2 |
| BOTTOM OF THE 8TH |
|
Chicago (APP) Cubs batting - Pitching for Bristol Pirates : RHP Pete Griesser
|
|
Pitching: RHP Onne Stubbe
|
|
|
Batting: RHB Jorge Gonzalez
|
0-0: Fly out, F9 (Flyball, 9, EV 94.4 MPH)
|
|
Batting: RHB Bartolo Aguilar
|
0-0: Ground out 1-3 (Groundball, 15S, EV 60.6 MPH)
|
|
Batting: RHB Lencho Otieno
|
0-0: Called Strike 0-1: TRIPLE (Line Drive, 9LD, EV 110.6 MPH)
|
|
Batting: RHB Mike Stein
|
0-0: Called Strike 0-1: Ball 1-1: Ball 2-1: Foul Ball, location: 2F 2-2: Strikes out looking
|
| Bottom of the 8th over - 0 runs, 1 hit, 0 errors, 1 left on base; Bristol 13 - Chicago (APP) 2 |
| TOP OF THE 9TH |
|
Bristol Pirates batting - Pitching for Chicago (APP) Cubs : RHP Bobby Almonte
|
|
Batting: LHB Josh Aerni
|
0-0: SOLO HOME RUN (Flyball, 9LD, EV 96.9 MPH), Distance : 348 ft
|
|
Batting: RHB Ricky Alvarado
|
0-0: SOLO HOME RUN (Flyball, 7D, EV 98.8 MPH), Distance : 392 ft
|
|
Batting: LHB Dave Cook
|
0-0: Ball 1-0: Ball 2-0: Swinging Strike 2-1: Ball 3-1: Base on Balls
|
|
Batting: RHB Alex Arzate
|
0-0: Ball 1-0: Called Strike 1-1: Swinging Strike 1-2: Strikes out swinging
|
|
Batting: LHB Kazuyoshi Ikeda
|
0-0: Ball 1-0: Foul Ball, location: 2F 1-1: Ball 2-1: 2-RUN HOME RUN (Flyball, 89XD, EV 114.4 MPH), Distance : 443 ft
|
|
Batting: RHB Hidesuke Yoshida
|
0-0: SINGLE (Groundball, 6D, EV 106.2 MPH)
|
|
Pinch Hitting: RHB Hector Barajas
|
0-0: Ball 1-0: Swinging Strike 1-1: Swinging Strike 1-2: Strikes out looking
|
|
Batting: RHB Melvin Durland
|
0-0: Ball 1-0: Swinging Strike 1-1: Ball 2-1: Called Strike 2-2: Ball 3-2: Strikes out looking
|
| Top of the 9th over - 4 runs, 4 hits, 0 errors, 1 left on base; Bristol 17 - Chicago (APP) 2 |
| BOTTOM OF THE 9TH |
|
Chicago (APP) Cubs batting - Pitching for Bristol Pirates : RHP Onne Stubbe
|
|
Now at 3B: Chris Arroyo
|
|
|
Batting: RHB T.J. Garrison
|
0-0: Ball 1-0: Foul Ball, location: 2F 1-1: Ball 2-1: Foul Ball, location: 2F 2-2: Foul Ball, location: 2F 2-2: Ball 3-2: Foul Ball, location: 2F 3-2: Ground out 3-1 (Groundball, 34S, EV 87.5 MPH)
|
|
Batting: RHB Andy Baumhardt
|
0-0: Called Strike 0-1: Foul Ball, location: 2F 0-2: Ball 1-2: Ground out 5-3 (Groundball, 56S, EV 79.4 MPH)
|
|
Batting: RHB Victor Ramirez
|
0-0: Swinging Strike 0-1: Ball 1-1: Foul Ball, location: 2F 1-2: Ball 2-2: Ball 3-2: Strikes out swinging
|
| Bottom of the 9th over - 0 runs, 0 hits, 0 errors, 0 left on base; Bristol 17 - Chicago (APP) 2 |
|